AoeStats
← funebrerosz

Arabia

510610597Analyzed
1v1 RM · 1d ago on Oct 1, 2026· 42m 27s· 2 players
Game mode
Random Map
Map size
Tiny (2 player)
Population
200
Speed
Normal
Resources
Standard
Victory
Conquest
Starting age
Dark Age
Ending age
Imperial Age
RankedLock teamsTeams togetherTeam positionsShared explorationLock speedFull tech treeHidden civsTurbo modeCheats
Victory
Defeat
🇦🇷 Franks · Argentina
425
+15
🇩🇪 Britons · Germany
408
-15
felix-68
10:46 Feudal Age
9:03 Loom
12:33 Double-Bit Axe
12:37 Horse Collar
18:15 Castle Age
22:36 Fletching
23:58 Crossbowman
27:50 Wheelbarrow
27:56 Forging
27:43 Bodkin Arrow
31:49 Bow Saw
32:02 Hand Cart
33:48 Murder Holes
34:15 Ballistics
34:14 Scale Barding Armor
35:28 Yeomen
35:20 Light Cavalry
36:01 Husbandry
40:42 Imperial Age
39:09 Town Watch
41:08 Cavalier
41:42 Elite Longbowman
funebrerosz
4:20 Loom
10:41 Feudal Age
11:13 Double-Bit Axe
22:50 Castle Age
21:16 Gold Mining
22:11 Forging
22:07 Scale Barding Armor
23:03 Stone Mining
23:57 Bow Saw
33:35 Gold Shaft Mining
36:07 Imperial Age
34:20 Iron Casting
33:47 Scale Mail Armor
34:08 Chain Barding Armor
36:43 Light Cavalry
37:35 Cavalier
39:11 Plate Barding Armor
43:05 Blast Furnace
Connection lost

Rejoining the realm…

Still unreachable

The connection could not be restored.

Session expired

The server has moved on; the page needs a fresh start.